 Dungeon Crawl Stone Soup version 0.19-a0-675-gf8984cf (webtiles) character file.

19 Ijustatesigmund the Shield-Bearer (level 2, -3/19 HPs)
             Began as a Gargoyle Fighter on June 16, 2016.
             Slain by a worm (5 damage)
             ... on level 2 of the Dungeon.
             The game lasted 00:01:23 (575 turns).

Ijustatesigmund the Shield-Bearer (Gargoyle Fighter) Turns: 575, Time: 00:01:23

Health: -3/19      AC: 12    Str: 19    XL:     2   Next: 75%
Magic:  2/2        EV:  7    Int:  8    God:
Gold:   19         SH:  9    Dex:  9    Spells: 0 memorised, 1 level left

rFire  . . .     SeeInvis .     a - +0 flail
rCold  . . .     Gourm    .     b - +0 scale mail
rNeg   + . .     Faith    .     c - +0 shield
rPois  ∞         Spirit   .     (no helmet)
rElec  +         Dismiss  .     i - +1 cloak
rCorr  .         Reflect  .     (no gloves)
SustAt .         Harm     .     (no boots)
MR     .....     Rnd*Tele +     (no amulet)
Stlth  ..........               (no ring)
                                e - ring of teleportation (curse)

@: not resistant to hostile enchantments, extremely unstealthy
A: negative energy resistance 1, shaggy fur 1, electricity resistance, wild
magic 1, unbreathing, petrification resistance, rot immunity, AC +2
a: no special abilities


You were on level 2 of the Dungeon.
You were not hungry.

You visited 1 branch of the dungeon, and saw 2 of its levels.

You collected 19 gold pieces.

Inventory:

Hand Weapons
 a - a +0 flail (weapon)
Armour
 b - a +0 scale mail (worn)
 c - a +0 shield (worn)
 i - a +1 cloak (worn)
Jewellery
 e - a cursed ring of teleportation (left hand)
Potions
 d - a potion of might
Comestibles
 f - a bread ration
 h - a meat ration


   Skills:
 - Level 3.2 Fighting
 + Level 3.2 Maces & Flails
 - Level 3.2 Armour
 - Level 3.2 Shields


You had one spell level left.
You didn't know any spells.

Dungeon Overview and Level Annotations

Branches:
Dungeon (2/15)

Altars:


Innate Abilities, Weirdness & Mutations

You are resistant to torment.
Your stone body is resilient. (AC +2)
You are immune to poison.
You resist negative energy. (rN+)
You are resistant to electric shocks. (rElec)
You can survive without breathing.
You are immune to petrification.
You are immune to rotting.
You are covered in fur. (AC +1)
Your spells are a little harder to cast, but a little more powerful.


Message History

You are too injured to fight recklessly!
You are too injured to fight recklessly!
You are too injured to fight recklessly!
You are too injured to fight recklessly!
You are too injured to fight recklessly!
You are too injured to fight recklessly!
You are too injured to fight recklessly!
You are too injured to fight recklessly!
You are too injured to fight recklessly!
You are too injured to fight recklessly!
You are too injured to fight recklessly!
You are too injured to fight recklessly!
You are too injured to fight recklessly!
You are too injured to fight recklessly!
It was a potion of mutation.
You feel extremely strange. Fur sprouts all over your body.
You feel less in control of your magic. The kobold hits you but does no damage.
The adder bites you.
* * * LOW HITPOINT WARNING * * *
The worm bites you.
You die...

###### ....
######..#####
##.....#.....## ###
##.........(...#....
#......)............
#.$...K@S(((........
#......w....<.(.....
#...................
#...................
##......!......###..
##.....#.....## #
#######.......
..##..## .## ##..


You could see a worm, an adder and a kobold.

Vanquished Creatures
  2 dart slugs (D:1)
  3 bats (D:1)
  4 hobgoblins (D:1)
  A giant newt (D:1)
  A goblin (D:1)
  3 kobolds
  2 rats
16 creatures vanquished.

Notes
Turn   | Place    | Note
--------------------------------------------------------------
     0 | D:1      | Ijustatesigmund the Gargoyle Fighter began the quest for the Orb.
     0 | D:1      | Reached XP level 1. HP: 14/14 MP: 1/1
   101 | D:1      | Reached XP level 2. HP: 19/19 MP: 2/2
   575 | D:2      | Gained mutation: You are covered in fur. (AC +1) [potion of mutation]
   575 | D:2      | Gained mutation: Your spells are a little harder to cast, but a little more powerful. [potion of mutation]
   575 | D:2      | Slain by a worm

Vault maps used:
D:1:      minmay_arrival_jagged
D:2:      nicolae_overflow_hidden_temple, minivault_19, grunt_ministairs_1,
          dk_vineyard_2

Skill      XL: |  1  2 |
---------------+-------+-----
Maces & Flails | 3 |  3.2
Fighting       | |  3.2
Armour         | |  3.2
Shields        | |  3.2

Action                   || total
-------------------------++-------
Melee: Flail             ||    62
  Use: Scroll            ||     1
       Potion            ||     1
Armor: Scale mail        ||    56
Dodge: Dodged            ||    16
Block: Shield            ||    51
